 Dungeon Crawl Stone Soup version 0.25-a0-435-g4b9beb1 (webtiles) character file.

Game seed: 11694434824137499057, levelgen mode: deterministic

3847 Dorkslayer the Ducker (level 10, 0/69 HPs)
             Began as an Octopode Fighter on Jan 26, 2020.
             Was an Initiate of Dithmenos.
             Slain by a killer bee (9 damage)
             ... on level 9 of the Dungeon.
             The game lasted 00:34:47 (5010 turns).

Dorkslayer the Ducker (Octopode Fighter)            Turns: 5010, Time: 00:34:48

Health: 0/69       AC:  1    Str: 20    XL:     10   Next: 18%
Magic:  23/23      EV: 15    Int: 17    God:    Dithmenos [......]
Gold:   606        SH: 11    Dex: 12    Spells: 9/9 levels left

rFire    . . .     SeeInvis .   k - +6 dagger "Dogrom" {freeze, +Blink Int+5}
rCold    . . .     Gourm    .   b - +1 shield
rNeg     + . .     Faith    .   (helmet restricted)
rPois    .         Spirit   .   p - amulet of magic regeneration
rElec    .         Reflect  .   g - ring of protection from magic
rCorr    .         Harm     .   y - ring of positive energy
MR       +....                  I - ring of magical power
Stlth    ++++......             K - +3 ring of strength
HPRegen  0.21/turn              (no ring)
MPRegen  0.43/turn              (no ring)
                                (no ring)
                                (no ring)

@: hasted, very quick
A: almost no armour, stealthy swim, amphibious, 8 rings, constrict 8, camouflage
1, gelatinous body 1
a: Renounce Religion, Evoke Blink


You were on level 9 of the Dungeon.
You worshipped Dithmenos.
Dithmenos was noncommittal.
You were hungry.

You visited 2 branches of the dungeon, and saw 10 of its levels.

You collected 606 gold pieces.

Inventory:

Hand Weapons
 a - a +1 long sword
 k - the +6 dagger "Dogrom" (weapon) {freeze, +Blink Int+5}
   (You found it on level 4 of the Dungeon)

   It has been specially enchanted to freeze those struck by it, causing extra
   injury to most foes and up to half again as much damage against particularly
   susceptible opponents.
   It can also slow down cold-blooded creatures.
   It affects your intelligence (+5).
   It lets you blink.
Missiles
 h - 8 silver javelins
 G - a curare-tipped dart (quivered)
Armour
 b - a +1 shield (worn)
Jewellery
 g - a ring of protection from magic (left tentacle)
 p - an amulet of magic regeneration (around mantle)
 y - a ring of positive energy (right tentacle)
 E - an uncursed amulet of harm {unknown}
 I - a ring of magical power (on tentacle)
 K - a +3 ring of strength (on tentacle)
Wands
 n - a wand of digging (8)
 v - a wand of flame (8)
 D - a wand of random effects (40)
 H - a wand of iceblast (5)
Scrolls
 j - 3 scrolls of remove curse
 l - a scroll of immolation {unknown}
 t - 3 scrolls of teleportation
 z - a scroll of fog {unknown}
 C - a scroll of magic mapping
 F - 2 scrolls of amnesia {unknown}
 J - a scroll of random uselessness {unknown}
 L - a scroll of noise {unknown}
 N - a scroll of enchant armour
Potions
 c - a potion of might
 e - a potion of mutation {unknown}
 m - 2 potions of lignification
 q - a potion of ambrosia {unknown}
 s - 3 potions of agility {unknown}
 u - a potion of resistance {unknown}
 w - 3 potions of berserk rage {unknown}
 x - 6 potions of degeneration {unknown}
 B - 3 potions of magic {unknown}
 M - a potion of brilliance {unknown}
Comestibles
 d - 12 rations
 f - 7 chunks of flesh


   Skills:
 * Level 6.7 Fighting
 + Level 5.0(5.9) Short Blades
 + Level 4.7(5.7) Long Blades
 + Level 0.6 Throwing
 * Level 7.3 Dodging
 + Level 6.0 Stealth
 + Level 6.0 Shields
 * Level 5.9 Evocations


You had 9 spell levels left.
You didn't know any spells.
Your spell library contained the following spells:

 Spells                   Type           Power        Failure   Level  Hunger
 Animate Skeleton         Necr           N/A          58%         1    ##.....
 Beastly Appendage        Tmut           #.....       58%         1    ##.....
 Pain                     Necr           #...         58%         1    ##.....
 Sticks to Snakes         Tmut           #.......     75%         2    ###....
 Spider Form              Tmut/Pois      #.........   92%         3    ####...
 Vampiric Draining        Necr           #.........   92%         3    ####...
 Animate Dead             Necr           N/A          100%        4    #####..
 Ice Form                 Ice/Tmut       #.......     100%        4    #####..
 Agony                    Necr           #.......     100%        5    ######.
 Blade Hands              Tmut           #.........   100%        5    ######.


Dungeon Overview and Level Annotations

Branches:
Dungeon (9/15)             Temple (1/1) D:5
   Lair: D:8-11         Orc: D:9-12

Altars:
Ashenzari
Cheibriados
Dithmenos
Elyvilon
Fedhas
Gozag
Hepliaklqana
Kikubaaqudgha
Makhleb
Nemelex Xobeh
Okawaru
Qazlal
Ru
Sif Muna
Trog
Uskayaw
Vehumet
Wu Jian
Xom
Yredelemnul
Zin
The Shining One


Innate Abilities, Weirdness & Mutations

You cannot wear most types of armour.
You are very stealthy in the water. (Stealth+)
You are amphibious.
You can wear up to eight rings at the same time.
You can use your tentacles to constrict eight enemies at once.
Your skin changes colour to match your surroundings (Stealth+).
Your rubbery body absorbs attacks. (AC +1, EV +1)


Message History

The killer bee stings you!
* * * LOW HITPOINT WARNING * * *
Things that are here:
a +0 dagger; a cursed +0 robe The killer bee stings you.
* * * LOW HITPOINT WARNING * * *
You feel yourself speed up. The killer bee closely misses you.
You block the killer bee's attack.
An iguana comes into view.
The iguana hisses angrily.
The killer bee misses you. You block the killer bee's attack.
You are feeling hungry.
An orc comes into view.
The killer bee stings you!
* * * LOW HITPOINT WARNING * * *
Found 5 gold pieces.
Evoke which item? (* to show all) (? for menu, Esc to quit)
Okay, then.
The killer bee stings you!
You die...

### #..##..†.).))(
...##...........)†
#...##..##))...##
#....###..#..##
#.%.##..###..#
###.l....# #...
##y..#.#...#..##
...######..###........#
#.....@yy## #l...#####
#....###.## ..#### ..#
#... ..# #....##..
.$######. ###


You could see an iguana and 3 killer bees.

Vanquished Creatures
  Maurice (D:8)
  A troll (D:9)
  Grinder (D:5)
  A vampire (D:9)
  A water moccasin (D:5)
  Duvessa (D:6)
  2 sky beasts
  2 phantoms
  2 ogres
  3 centaurs
  5 bullfrogs
  A big kobold (D:9)
  2 scorpions
  Dowan (D:6)
  6 howler monkeys
  5 crimson imps
  2 bullfrog zombies
  A bullfrog skeleton (D:9)
  A quasit (D:6)
  Crazy Yiuf (D:2)
  A hound (D:8)
  2 orc priests (D:7)
  2 jellies
  16 orc wizards
  5 worker ants
  Ijyb (D:4)
  A hound skeleton (D:9)
  Robin (D:3)
  2 adders
  2 oozes
  A worm (D:4)
  2 dart slugs
  5 leopard geckos
  12 orcs
  7 bats
  7 giant cockroaches
  17 goblins
  11 hobgoblins
  16 jackals
  16 kobolds
  3 quokkas
  2 ball pythons
  8 frilled lizards
  2 leopard gecko zombies (D:5)
  7 rats
189 creatures vanquished.

Vanquished Creatures (others)
  4 toadstools (D:3)
4 creatures vanquished.

Grand Total: 193 creatures vanquished

Notes
Turn   | Place    | Note
-------+----------+-------------------------------------------
     0 | D:1      | Dorkslayer the Octopode Fighter began the quest for the
                  | Orb.
     0 | D:1      | Reached XP level 1. HP: 16/16 MP: 1/1
    86 | D:1      | Reached XP level 2. HP: 21/21 MP: 2/2
   199 | D:1      | Reached XP level 3. HP: 10/26 MP: 3/3
   210 | D:1      | Reached skill level 1 in Stealth
   634 | D:2      | Reached XP level 4. HP: 29/32 MP: 4/4
   857 | D:2      | Found a runed translucent door.
   858 | D:2      | Noticed Crazy Yiuf
   864 | D:2      | Killed Crazy Yiuf
   909 | D:3      | Noticed Robin
   918 | D:3      | Killed Robin
   918 | D:3      | Reached XP level 5. HP: 19/37 MP: 5/5
  1674 | D:4      | Found a hide-covered altar of Uskayaw.
  1685 | D:4      | Reached skill level 1 in Evocations
  1694 | D:4      | Got an ichor-stained dagger
  1709 | D:4      | Reached skill level 4 in Dodging
  1709 | D:4      | Reached XP level 6. HP: 28/43 MP: 6/6
  1928 | D:4      | Identified the +6 dagger "Dogrom" {freeze, +Blink Int+5}
                  | (You found it on level 4 of the Dungeon)
  2138 | D:4      | Found a shimmering blue altar of Sif Muna.
  2164 | D:4      | Noticed Ijyb
  2169 | D:4      | Killed Ijyb
  2252 | D:5      | Entered Level 5 of the Dungeon
  2260 | D:5      | Noticed Grinder
  2275 | D:5      | Killed Grinder
  2275 | D:5      | Reached XP level 7. HP: 20/49 MP: 8/8
  2398 | D:5      | Reached skill level 1 in Short Blades
  2398 | D:5      | Reached skill level 5 in Dodging
  2399 | D:5      | Found a staircase to the Ecumenical Temple.
  2407 | Temple   | Entered the Ecumenical Temple
  2638 | D:5      | Reached XP level 8. HP: 16/54 MP: 8/10
  3126 | D:5      | Reached skill level 5 in Fighting
  3340 | D:6      | Found a shimmering altar of Xom.
  3458 | D:6      | Reached skill level 5 in Stealth
  3539 | D:6      | Reached skill level 6 in Dodging
  3575 | D:6      | Noticed Dowan
  3576 | D:6      | Noticed Duvessa
  3581 | D:6      | Killed Dowan
  3587 | D:6      | Killed Duvessa
  3587 | D:6      | Reached XP level 9. HP: 38/61 MP: 12/12
  3626 | D:6      | Found a burning altar of Makhleb.
  4036 | D:7      | Reached skill level 5 in Shields
  4068 | D:7      | Reached skill level 5 in Evocations
  4224 | D:8      | Noticed Maurice
  4267 | D:8      | Killed Maurice
  4323 | D:8      | Found a sacrificial altar of Ru.
  4334 | D:8      | Found a stormy altar of Qazlal.
  4337 | D:8      | Found a bloodstained altar of Trog.
  4337 | D:8      | Found a glowing silver altar of Zin.
  4439 | D:8      | Reached skill level 7 in Dodging
  4710 | D:9      | Noticed a troll
  4718 | D:9      | Killed a troll
  4718 | D:9      | Reached XP level 10. HP: 69/69 MP: 14/14
  4732 | D:9      | Found a sparkling altar of Nemelex Xobeh.
  4733 | D:9      | Found an opulent altar of Gozag.
  4766 | D:9      | HP: 3/69 [something (12)]
  4940 | D:9      | Found a shadowy altar of Dithmenos.
  4986 | D:9      | Became a worshipper of Dithmenos the Shadowed
  4988 | D:9      | Reached skill level 5 in Short Blades
  5010 | D:9      | Slain by a killer bee

Levels and vault maps discovered:
D:1:      wander_arrival_chamber, layout_rooms, minmay_pentomino_q4
D:2:      layout_rooms, uniq_crazy_yiuf_cottage
D:3:      kennysheep_big_flooded_room, layout_loops_ring, first_ration,
          minmay_gold_behind_fungi, uniq_robin
D:4:      layout_loops_cross, led_sif_pool, eat_drink_and_be_merry_uskayaw,
          hex_medium, chequers_avenue, uniq_ijyb
D:5:      layout_rooms, minmay_temple_entry_offerings, uniq_grinder
D:6:      minmay_flawed_box, layout_basic, xom_teletrap_fun,
          nicolae_overflow_crystal_walls, uniq_duvessa
D:7:      layout_rooms, kennysheep_generic_room_10
D:8:      layout_rooms, grunt_temple_overflow_open, uniq_maurice
D:9:      layout_rooms, grunt_temple_overflow_opulence,
          nicolae_dithmenos_shadow_blocks, serial_shops, shop, uniq_erolcha
Temple:   bh_familiar_temple

Skill      XL: |  1  2  3  4  5  6  7  8  9 10 |
---------------+-------------------------------+-----
Stealth        | 1 2 3 4 5 6 |  6.0
Fighting       | 4 5 6 |  6.7
Long Blades    | 3 4 |  4.7
Evocations     | 1 2 4 5 |  5.9
Dodging        | 4 5 6 7 |  7.3
Short Blades   | 1 2 4 5 |  5.0
Shields        | 4 5 6 |  6.0
Throwing       | |  0.6

Action                   |  1- 3 |  4- 6 |  7- 9 | 10-12 || total
-------------------------+-------+-------+-------+-------++-------
Melee: Long sword        |    61 |    75 |       |       ||   136
       Constrict         |    15 |    30 |    28 |    12 ||    85
       Tentacles         |    10 |    17 |    41 |    12 ||    80
       Dagger            |       |    13 |   172 |    42 ||   227
Throw: Dart              |       |       |     3 |       ||     3
Evoke: Wand              |       |     4 |    25 |     3 ||    32
  Use: Scroll            |     2 |     6 |     1 |       ||     9
       Potion            |       |     3 |     3 |     5 ||    11
 Stab: Sleeping          |     2 |     4 |     4 |       ||    10
       Distracted        |       |     1 |       |     1 ||     2
  Eat: Chunk             |       |     2 |     4 |       ||     6
       Ration            |       |     1 |     1 |       ||     2
Armor: Skin              |     5 |     1 |     9 |       ||    15
Dodge: Dodged            |    25 |    31 |    60 |    18 ||   134
Block: Shield            |    31 |    35 |    69 |    23 ||   158
       Rpst.: Long sword |    11 |     8 |       |       ||    19

Table legend:
 A = Non-vault XP
 B = Vault XP
 C = Vault XP percentage of total XP
 D = Non-vault monster count
 E = Vault monster count
 F = Vault count percentage of total count
                 A         B        C        D         E       F
            +---------+---------+-------+---------+---------+-------
      Total |    4137 |    1360 |  24.7 |     160 |      29 |  15.3
            +---------+---------+-------+---------+---------+-------
        D:1 |      39 |       6 |  13.3 |      20 |       3 |  13.0
        D:2 |      55 |      44 |  44.4 |      31 |       1 |   3.1
        D:3 |      75 |      36 |  32.4 |      12 |      12 |  50.0
        D:4 |     111 |      33 |  22.9 |       7 |       1 |  12.5
        D:5 |     916 |     272 |  22.9 |      30 |       1 |   3.2
        D:6 |     375 |     481 |  56.2 |       7 |       9 |  56.2
        D:7 |     765 |       3 |   0.4 |      20 |       1 |   4.8
        D:8 |     693 |     485 |  41.2 |      11 |       1 |   8.3
        D:9 |    1108 |       0 |   0.0 |      22 |       0 |   0.0
            +---------+---------+-------+---------+---------+-------
